 Dungeon Crawl Stone Soup version 0.24.0-13-gcf9b3192b9 (console) character file.

Game seed: 8343201294320419514, levelgen mode: deterministic

35 AlterAsc the Insei (level 3, 0/18 HPs)
             Began as a Vine Stalker Transmuter on Nov 10, 2019.
             Succumbed to an adder's poison
             ... on level 2 of the Dungeon.
             The game lasted 00:02:46 (1076 turns).

AlterAsc the Insei (Vine Stalker Transmuter)        Turns: 1076, Time: 00:02:47

Health: 0/18       AC: 10    Str: 13    XL:     3   Next: 35%
Magic:  4/7        EV:  3    Int: 13    God:
Gold:   9          SH:  0    Dex: 14    Spells: 6/7 levels left

rFire    . . .     SeeInvis .     - Unarmed
rCold    . . .     Gourm    .   (no shield)
rNeg     . . .     Faith    .   h - +0 plate armour
rPois    .         Spirit   +   (no helmet)
rElec    .         Reflect  .   (no cloak)
rCorr    .         Harm     .   (no gloves)
MR       .....                  (no boots)
Stlth    ..........             (no amulet)
HPRegen  0.06/turn              (no ring)
MPRegen  0.10/turn              (no ring)

@: lethally poisoned (0 -> -7), very slightly contaminated, hasted, invisible,
very quick
A: fangs 2, magic shield, antimagic bite, no potion heal 3, rot immunity
a: no special abilities


You were on level 2 of the Dungeon.
You were not hungry.

You visited 1 branch of the dungeon, and saw 2 of its levels.

You collected 9 gold pieces.

Inventory:

Missiles
 a - 12 arrows
 i - 10 poisoned darts
 l - 3 atropa-tipped darts (quivered)
Armour
 b - a +0 robe
 e - a +0 leather armour
 h - a +0 plate armour (worn)
Jewellery
 g - an uncursed ring of fire
Scrolls
 f - a scroll of identify {unknown}
 j - a scroll of fog {unknown}
Comestibles
 c - a chunk of flesh
 d - 5 rations


   Skills:
 + Level 1.4 Fighting
 - Level 1.6 Dodging
 + Level 3.3 Unarmed Combat
 + Level 2.5 Spellcasting
 * Level 2.6 Transmutations


You had 6 spell levels left.
You knew the following spells:

 Your Spells              Type           Power        Failure   Level  Hunger
a - Beastly Appendage     Tmut           #.....       100%        1    #......

Your spell library contained the following spells:

 Spells                   Type           Power        Failure   Level  Hunger
 Sticks to Snakes         Tmut           #.......     100%        2    ###....
 Spider Form              Tmut/Pois      #.........   100%        3    ###....
 Ice Form                 Ice/Tmut       #.......     100%        4    #####..
 Blade Hands              Tmut           #.........   100%        5    ######.


Dungeon Overview and Level Annotations

Branches:
Dungeon (2/15)

Altars:


Innate Abilities, Weirdness & Mutations

You have extremely sharp teeth.
When hurt, damage is shared between your health and your magic reserves.
Your bite disrupts and absorbs the magic of your enemies.
Potions cannot restore your health.
You are immune to rotting.


Message History

It was a potion of heal wounds.
That seemed strangely inert.
* * * LOW HITPOINT WARNING * * *
You feel sick. The adder bites you but does no damage.
It was a potion of invisibility.
You fade into invisibility!
The adder barely misses you.
You are very lightly contaminated with residual magic.
You closely miss the adder. The adder bites you but does no damage.
You barely miss the adder. You bite the adder. You drain its power.
You feel invigorated.
The adder is lightly wounded.
The adder bites you.
* * * LOW HITPOINT WARNING * * *
Press: ? - help, v - describe, . - travel, g - get item
Here: an adder (lightly wounded)
An atropa-tipped dart.
The floor.
You closely miss the adder.
The adder is lightly wounded.
You die...

#(# #.# ... #.#
#.# .# #.####[#
...## #S.....#
....##### ###@.#
#. <....###...##
#.###.........#
##.......>..##.#
#............#.#
..#.........###
#.#........<#
#.#.........#
####.#......^..#


You could see an adder.

Vanquished Creatures
  An ooze (D:1)
  3 bats (D:1)
  A giant cockroach (D:1)
  A goblin (D:1)
  6 hobgoblins
  2 frilled lizards (D:1)
  6 kobolds
  15 rats
35 creatures vanquished.

Notes
Turn   | Place    | Note
-------+----------+-------------------------------------------
     0 | D:1      | AlterAsc the Vine Stalker Transmuter began the quest for
                  | the Orb.
     0 | D:1      | Reached XP level 1. HP: 9/9 MP: 4/4
    37 | D:1      | Reached skill level 1 in Fighting
   157 | D:1      | Reached XP level 2. HP: 14/14 MP: 6/6
   525 | D:1      | Reached XP level 3. HP: 18/18 MP: 7/7
  1076 | D:2      | Succumbed to an adder's poison

Levels and vault maps discovered:
D:1:      onia_arrival_larder, layout_loops_corners
D:2:      layout_rooms, kennysheep_generic_room_2

Skill      XL: |  1 |
---------------+----+-----
Fighting       | 1 |  1.4
Dodging        | |  1.6
Unarmed Combat | |  3.3
Spellcasting   | |  2.5
Transmutations | |  2.6

Action                   || total
-------------------------++-------
Melee: Unarmed           ||   102
       Bite              ||    21
       Kick              ||     2
Throw: Dart              ||     4
 Cast: Beastly Appendage ||    12
  Use: Potion            ||     3
 Stab: Sleeping          ||     3
  Eat: Chunk             ||     1
Armor: Robe              ||    10
       Plate armour      ||    58
Dodge: Dodged            ||    43
